[Event "39th Olympiad Khanty-Mansiysk 2010"]
[Site "Khanty-Mansiysk/Russia"]
[Date "2010.09.22"]
[Round "1"]
[White "Al Sulaiti, Ali"]
[Black "Denny, Kevin"]
[Result "1/2-1/2"]
[WhiteElo "2134"]
[BlackElo "2316"]
[PlyCount "82"]
[EventDate "2010.??.??"]
[WhiteTeam "BRN"]
[BlackTeam "Barbados"]
[BlackTeamCountry "BAR"]
[TimeControl "40/5400+30:1800+30"]

1. d4 Nf6 2. Bg5 Ne4 3. Bf4 d5 4. e3 c5 5. Bd3 Nf6 6. c3 Nc6 7. Nd2 Qb6 8. Qb3
c4 9. Qxb6 axb6 10. Bc2 b5 11. b4 cxb3 12. Nxb3 b4 13. cxb4 e5 14. dxe5 Bxb4+
15. Kf1 Ng4 16. Ne2 Ngxe5 17. f3 Ba3 18. Rd1 Be6 19. Bb1 O-O 20. Ned4 Nxd4 21.
Nxd4 Nc4 22. Ke2 Bc5 23. Rd3 Rfe8 24. Rc1 Bd7 25. Kf2 Ba3 26. Rcc3 b5 27. Nc2
b4 28. Rxc4 dxc4 29. Rxd7 Red8 30. Rxd8+ Rxd8 31. Ke2 Bc1 32. Nd4 Rxd4 33. exd4
Bxf4 34. g3 Bc7 35. Ke3 g6 36. Ke4 b3 37. Kd5 bxa2 38. Bxa2 c3 39. Bb3 Bb6 40.
Kc4 Kf8 41. Kxc3 Ke7 1/2-1/2

[Event "39th Olympiad Khanty-Mansiysk 2010"]
[Site "Khanty-Mansiysk/Russia"]
[Date "2010.09.22"]
[Round "1"]
[White "Aliaga, Fernandez Ingrid"]
[Black "Brunello, Marina"]
[Result "1/2-1/2"]
[WhiteElo "2134"]
[BlackElo "2212"]
[PlyCount "78"]
[EventDate "2010.??.??"]
[WhiteTeam "Peru"]
[BlackTeam "Italy"]
[WhiteTeamCountry "PER"]
[BlackTeamCountry "ITA"]
[TimeControl "40/5400+30:1800+30"]

1. e4 c5 2. Nf3 d6 3. d4 cxd4 4. Nxd4 Nf6 5. Nc3 a6 6. Be2 e5 7. Nb3 Be7 8. O-O
O-O 9. Kh1 Nc6 10. f4 b5 11. Bf3 Na5 12. Qe2 Be6 13. Rd1 Qc7 14. Nxa5 Qxa5 15.
fxe5 dxe5 16. Bg5 Rad8 17. Rxd8 Rxd8 18. Bxf6 Bxf6 19. Nd5 Bxd5 20. exd5 g6 21.
c4 bxc4 22. Qxc4 Qb6 23. Rd1 Be7 24. b3 a5 25. Rf1 Bd6 26. Qh4 Qc7 27. Be2 Be7
28. Qg3 Bf8 29. Bc4 Qd6 30. Qf2 f5 31. Qe1 Ra8 32. Qe2 Kh8 33. g4 f4 34. Bd3
Rc8 35. Be4 Bg7 36. Kg2 Rc5 37. Rd1 Bf6 38. Rd2 Kg7 39. Qd3 Be7 1/2-1/2

[Event "39th Olympiad Khanty-Mansiysk 2010"]
[Site "Khanty-Mansiysk/Russia"]
[Date "2010.09.22"]
[Round "1"]
[White "Novkovic, Julia"]
[Black "Isgandarova, Khayala Ilqa"]
[Result "1-0"]
[WhiteElo "2134"]
[BlackElo "2172"]
[PlyCount "71"]
[EventDate "2010.??.??"]
[WhiteTeam "Austria"]
[BlackTeam "Azerbaijan"]
[WhiteTeamCountry "AUT"]
[BlackTeamCountry "AZE"]
[TimeControl "40/5400+30:1800+30"]

1. e4 e6 2. d4 d5 3. Nd2 c5 4. dxc5 Nf6 5. exd5 Qxd5 6. Nb3 Qxd1+ 7. Kxd1 Bd7
8. Nf3 Nc6 9. c3 e5 10. Bc4 e4 11. Nfd4 Ne5 12. Be2 O-O-O 13. Bf4 Ng6 14. Bg3
Nd5 15. c6 Bxc6 16. Nxc6 bxc6 17. Ba6+ Kd7 18. Nd4 Ndf4 19. Kc2 Nh5 20. Rhe1
Nxg3 21. hxg3 Bc5 22. Rxe4 Kc7 23. Rae1 Rd7 24. b4 Bb6 25. R1e2 Bxd4 26. Rxd4
Rxd4 27. cxd4 Rd8 28. Kc3 Kd6 29. Bc4 Rd7 30. Re8 f6 31. Re6+ Kc7 32. a4 Ne7
33. b5 cxb5 34. axb5 Nf5 35. Rc6+ Kb7 36. Be6 1-0

[Event "39th Olympiad Khanty-Mansiysk 2010"]
[Site "Khanty-Mansiysk/Russia"]
[Date "2010.09.22"]
[Round "1"]
[White "Guerrero Rodriguez, Aleja"]
[Black "Stojanovic, Andjelija"]
[Result "0-1"]
[WhiteElo "2128"]
[BlackElo "2337"]
[PlyCount "92"]
[EventDate "2010.??.??"]
[WhiteTeam "Mexico"]
[BlackTeam "SRB"]
[WhiteTeamCountry "MEX"]
[TimeControl "40/5400+30:1800+30"]

1. e4 d6 2. d4 Nf6 3. Nc3 e5 4. dxe5 dxe5 5. Qxd8+ Kxd8 6. Bg5 Nbd7 7. Bc4 Ke8
8. O-O-O c6 9. f3 b5 10. Bb3 Nc5 11. Nge2 Nfd7 12. Ng3 g6 13. h4 h5 14. Rd2 a5
15. a4 b4 16. Nce2 f6 17. Be3 Nb6 18. Rhd1 Ba6 19. f4 Bc4 20. Kb1 Ncxa4 21.
fxe5 fxe5 22. Bg5 Nc5 23. Bf6 Rh7 24. Rd8+ Rxd8 25. Rxd8+ Kf7 26. Bxe5 Be7 27.
Rb8 Ncd7 28. Rb7 Bxb3 29. cxb3 Nxe5 30. Rxb6 Bxh4 31. Rb7+ Kg8 32. Rb8+ Kg7 33.
Ra8 Kf6 34. Rxa5 Rd7 35. Kc2 Bg5 36. Nf1 Nd3 37. Ra1 Nc5 38. Neg3 h4 39. e5+
Kxe5 40. Ra5 Rd5 41. Ne2 Ne6 42. Ra8 Nd4+ 43. Nxd4 Kxd4 44. Nd2 Bxd2 45. Kxd2
Rg5 46. Rd8+ Kc5 0-1

[Event "39th Olympiad Khanty-Mansiysk 2010"]
[Site "Khanty-Mansiysk/Russia"]
[Date "2010.09.22"]
[Round "1"]
[White "Moncayo Romero, Evelyn"]
[Black "Videnova, Iva"]
[Result "1/2-1/2"]
[WhiteElo "2127"]
[BlackElo "2283"]
[PlyCount "85"]
[EventDate "2010.??.??"]
[WhiteTeam "Ecuador"]
[BlackTeam "Bulgaria"]
[WhiteTeamCountry "ECU"]
[BlackTeamCountry "BUL"]
[TimeControl "40/5400+30:1800+30"]

1. e4 c5 2. Nf3 d6 3. d4 cxd4 4. Nxd4 Nf6 5. Nc3 g6 6. Be3 Bg7 7. Bc4 Nc6 8. h3
O-O 9. Bb3 Na5 10. O-O a6 11. f4 Nxb3 12. cxb3 b5 13. Nc6 Qd7 14. Nd5 Nxd5 15.
exd5 Bxb2 16. f5 Bb7 17. Bh6 Bxc6 18. dxc6 Qa7+ 19. Kh1 Bxa1 20. Qxa1 f6 21.
Qb1 g5 22. Qe4 Rf7 23. Rc1 Qc7 24. Qd5 Re8 25. Rc3 Qa5 26. Rc1 Qc7 27. Rc3 Qa5
28. Rc1 Qc7 29. b4 Ref8 30. Rc3 Kh8 31. h4 Rg7 32. Qe6 gxh4 33. Rh3 Qxc6 34.
Bxg7+ Kxg7 35. Qxe7+ Rf7 36. Qe1 Qd5 37. Qxh4 Qxf5 38. Qg3+ Qg5 39. Qxd6 Qc1+
40. Kh2 Qc7 41. Rg3+ Kh8 42. Qxa6 Qb8 43. Kh3 1/2-1/2

[Event "39th Olympiad Khanty-Mansiysk 2010"]
[Site "Khanty-Mansiysk/Russia"]
[Date "2010.09.22"]
[Round "1"]
[White "Ankudinova, Yelena"]
[Black "Kagramanov, Dalia"]
[Result "1-0"]
[WhiteElo "2124"]
[BlackElo "1866"]
[PlyCount "95"]
[EventDate "2010.??.??"]
[WhiteTeam "Kazakhstan"]
[BlackTeam "Canada"]
[WhiteTeamCountry "KAZ"]
[BlackTeamCountry "CAN"]
[TimeControl "40/5400+30:1800+30"]

1. d4 Nf6 2. c4 g6 3. Nc3 Bg7 4. e4 d6 5. Nf3 O-O 6. Be2 e5 7. Be3 Nc6 8. d5
Ne7 9. Nd2 a5 10. c5 Ne8 11. f3 f5 12. Qc2 Bd7 13. O-O f4 14. Bf2 g5 15. Qb3
Qc8 16. c6 bxc6 17. dxc6+ Be6 18. Bc4 Bf7 19. Bxf7+ Rxf7 20. Nd5 Nxd5 21. exd5
Rb8 22. Qd3 Rxb2 23. Ne4 Qf5 24. Rfb1 Rxb1+ 25. Rxb1 Nf6 26. Rb5 Nxe4 27. Qxe4
Qc8 28. h3 Rf8 29. a4 Qa6 30. Qb1 Bf6 31. Qf5 Rf7 32. Qd3 Rf8 33. Qd2 Ra8 34.
Kh2 e4 35. fxe4 Be5 36. Kg1 Kg7 37. Qd1 Qc8 38. Rb7 Bf6 39. Bb6 Bd8 40. e5 Rb8
41. Qg4 Kf8 42. e6 Kg7 43. Rxc7+ Qxc7 44. Bxc7 Rb1+ 45. Kh2 Bf6 46. Bxd6 h6 47.
Qf5 Re1 48. Bf8+ 1-0

[Event "39th Olympiad Khanty-Mansiysk 2010"]
[Site "Khanty-Mansiysk/Russia"]
[Date "2010.09.22"]
[Round "1"]
[White "Frisk, Ellinor"]
[Black "Ankhchimeg, Bayanmunh"]
[Result "1-0"]
[WhiteElo "2113"]
[BlackElo "2153"]
[PlyCount "87"]
[EventDate "2010.??.??"]
[WhiteTeam "Sweden"]
[BlackTeam "Mongolia"]
[WhiteTeamCountry "SWE"]
[BlackTeamCountry "MGL"]
[TimeControl "40/5400+30:1800+30"]

1. e4 c5 2. Nf3 Nc6 3. d4 cxd4 4. Nxd4 Nf6 5. Nc3 e5 6. Ndb5 d6 7. Bg5 a6 8.
Na3 b5 9. Bxf6 gxf6 10. Nd5 Bg7 11. c3 f5 12. exf5 Bxf5 13. Nc2 O-O 14. Nce3
Be6 15. Bd3 f5 16. Qh5 e4 17. Bc2 Ne5 18. Rd1 Ng6 19. g4 f4 20. Nf5 Bxf5 21.
gxf5 Qh4 22. Ne7+ Qxe7 23. fxg6 h6 24. Qd5+ Kh8 25. Qxe4 Qh4 26. O-O Rae8 27.
Qf3 Re5 28. Rxd6 a5 29. h3 Rfe8 30. Rd2 b4 31. cxb4 axb4 32. Kh2 Rh5 33. Rd7
Rc5 34. Bb3 Qf6 35. Bf7 Rf8 36. Rd2 Rfc8 37. Rfd1 R5c7 38. Rd6 Qxb2 39. Rd8+
Bf8 40. Qxf4 Qg7 41. Rxc8 Rxc8 42. Rd7 Qc3 43. Bb3 Bg7 44. Qxh6+ 1-0

[Event "39th Olympiad Khanty-Mansiysk 2010"]
[Site "Khanty-Mansiysk/Russia"]
[Date "2010.09.22"]
[Round "1"]
[White "Stojanovic, Marija R"]
[Black "Khukhashvili, Sopiko"]
[Result "0-1"]
[WhiteElo "2112"]
[BlackElo "2422"]
[PlyCount "188"]
[EventDate "2010.??.??"]
[WhiteTeam "MNE"]
[BlackTeam "Georgia"]
[BlackTeamCountry "GEO"]
[TimeControl "40/5400+30:1800+30"]

1. e4 c5 2. Nf3 d6 3. d4 cxd4 4. Nxd4 Nf6 5. Nc3 Nc6 6. Bc4 e6 7. Be3 a6 8. Qe2
Qc7 9. Bb3 b5 10. O-O-O Na5 11. f3 b4 12. Na4 Nxb3+ 13. axb3 Bb7 14. g4 Nd7 15.
Rhe1 Be7 16. Qc4 Rc8 17. Qxc7 Rxc7 18. Ne2 h5 19. g5 g6 20. h4 d5 21. Ng3 Bd6
22. f4 O-O 23. e5 Be7 24. Ne2 Bc6 25. Kb1 Rb8 26. Nd4 Bxa4 27. bxa4 Nc5 28. b3
Ne4 29. Rd3 Rbc8 30. Kb2 Bc5 31. Re2 Ng3 32. Rg2 Ne4 33. Bg1 Ba7 34. Re2 Rc3
35. Nf3 Bxg1 36. Nxg1 Ng3 37. Red2 Nf1 38. Rf2 Ne3 39. Rxc3 Rxc3 40. Kc1 Nf5
41. Nf3 Re3 42. Kd2 Re4 43. Ne1 Nxh4 44. Nd3 Nf5 45. Nc5 Rd4+ 46. Ke2 h4 47.
Nxa6 h3 48. Rh2 Rxf4 49. Rxh3 Nd4+ 50. Kd3 Nc6 51. Re3 Rd4+ 52. Ke2 Rg4 53. c3
d4 54. cxd4 Nxd4+ 55. Kf2 Nc6 56. Rg3 Rd4 57. Re3 Kf8 58. Kf3 Rd5 59. Kf4 Ke7
60. Nc7 Rd1 61. Na6 Rf1+ 62. Kg3 Rf5 63. Re4 Rxg5+ 64. Kf4 Rh5 65. Kg3 Rg5+ 66.
Kf4 Rf5+ 67. Ke3 Rh5 68. Nxb4 Rh3+ 69. Kd2 Na5 70. Kc2 Nxb3 71. Nc6+ Kd7 72.
Rc4 Re3 73. Nb8+ Kd8 74. Nc6+ Ke8 75. Rb4 Nc5 76. Rc4 Nd7 77. Rd4 Re2+ 78. Kb3
Re1 79. a5 Rc1 80. Rc4 Nc5+ 81. Kb4 Na6+ 82. Kb5 Nc7+ 83. Kc5 Rxc4+ 84. Kxc4 g5
85. Kc5 Kd7 86. Kb6 g4 87. Nd4 g3 88. a6 g2 89. Nf3 Nxa6 90. Kxa6 Kc6 91. Ka5
Kc5 92. Ka6 Kd5 93. Kb5 Ke4 94. Ng1 Kxe5 0-1

[Event "39th Olympiad Khanty-Mansiysk 2010"]
[Site "Khanty-Mansiysk/Russia"]
[Date "2010.09.22"]
[Round "1"]
[White "Piarnpuu, Leili"]
[Black "Baginskaite, Kamile"]
[Result "1/2-1/2"]
[WhiteElo "2111"]
[BlackElo "2328"]
[PlyCount "52"]
[EventDate "2010.??.??"]
[WhiteTeam "Estonia"]
[BlackTeam "United States"]
[WhiteTeamCountry "EST"]
[BlackTeamCountry "USA"]
[TimeControl "40/5400+30:1800+30"]

1. d4 Nf6 2. Nf3 e6 3. c4 b6 4. g3 Bb7 5. Bg2 Be7 6. Nc3 O-O 7. O-O Ne4 8. Qc2
Nxc3 9. Qxc3 d6 10. b3 Nd7 11. Bb2 Bf6 12. Qc2 c5 13. Ng5 Bxg5 14. Bxb7 Rb8 15.
Bg2 Qe7 16. Rad1 Rbd8 17. e4 Bf6 18. f4 Bxd4+ 19. Bxd4 cxd4 20. Rxd4 e5 21. Rd2
exf4 22. gxf4 Rfe8 23. Re2 Qh4 24. Re3 h6 25. Qc3 Qf6 26. Qxf6 Nxf6 1/2-1/2

[Event "39th Olympiad Khanty-Mansiysk 2010"]
[Site "Khanty-Mansiysk/Russia"]
[Date "2010.09.22"]
[Round "1"]
[White "Kassinopoullos, Polydoros"]
[Black "Njobvu, Ignatius"]
[Result "0-1"]
[WhiteElo "2110"]
[BlackElo "2217"]
[PlyCount "56"]
[EventDate "2010.??.??"]
[WhiteTeam "Cyprus"]
[BlackTeam "Botswana"]
[WhiteTeamCountry "CYP"]
[BlackTeamCountry "BOT"]
[TimeControl "40/5400+30:1800+30"]

1. Nf3 Nf6 2. d4 e6 3. g3 b5 4. Bg2 Bb7 5. O-O c5 6. c3 Qb6 7. a4 bxa4 8. Qxa4
Ne4 9. Na3 Bc6 10. Qc2 d5 11. Be3 Nd7 12. c4 Be7 13. cxd5 exd5 14. dxc5 Bxc5
15. Bxc5 Ndxc5 16. Nd4 Ba4 17. b3 Bd7 18. e3 O-O 19. Rfc1 Rfc8 20. Bf1 Qf6 21.
Ra2 Ne6 22. Qb2 Rxc1 23. Qxc1 Nxd4 24. exd4 Rc8 25. Rc2 Qxf2+ 26. Rxf2 Rxc1 27.
Rc2 Ra1 28. Nb5 Bh3 0-1

[Event "39th Olympiad Khanty-Mansiysk 2010"]
[Site "Khanty-Mansiysk/Russia"]
[Date "2010.09.22"]
[Round "1"]
[White "Pintor, Ariana"]
[Black "Ovezova, Maisa"]
[Result "1-0"]
[WhiteElo "2110"]
[BlackElo "2117"]
[PlyCount "169"]
[EventDate "2010.??.??"]
[WhiteTeam "Portugal"]
[BlackTeam "Turkmenistan"]
[WhiteTeamCountry "POR"]
[BlackTeamCountry "TKM"]
[TimeControl "40/5400+30:1800+30"]

1. e4 d6 2. d4 Nf6 3. Nc3 g6 4. Nf3 Bg7 5. h3 c6 6. Be2 Qc7 7. Bf4 Nbd7 8. O-O
e5 9. Bh2 O-O 10. Qd2 b5 11. a3 a6 12. Rfd1 Ne8 13. Na2 exd4 14. Rac1 c5 15. c4
Qb6 16. b4 Bb7 17. e5 dxe5 18. cxb5 axb5 19. bxc5 Nxc5 20. Qb4 d3 21. Rxc5 dxe2
22. Re1 Bxf3 23. gxf3 Ra4 24. Qxb5 Qxb5 25. Rxb5 Rxa3 26. Rxe2 Rxf3 27. Kg2 Rf5
28. Nc3 f6 29. Ne4 Nc7 30. Rb7 Ne6 31. Ra2 h5 32. Raa7 Bh8 33. Nd6 Rg5+ 34. Kf3
Nd4+ 35. Ke4 Nc6 36. Ra6 Nd8 37. Rb8 f5+ 38. Kd5 f4 39. Raa8 e4+ 40. Kxe4 Re5+
41. Kf3 Bf6 42. Bxf4 Bg5 43. Rxd8 Bxd8 44. Rxd8 Rxd8 45. Bxe5 Rf8+ 46. Kg3 h4+
47. Kg2 Kh7 48. Ne4 Kh6 49. f4 Ra8 50. Kf3 Ra3+ 51. Kg4 Ra4 52. Ng5 Ra2 53.
Kxh4 Rg2 54. Nf7+ Kh7 55. Bf6 Kg8 56. Nh6+ Kh7 57. Ng4 Ra2 58. Bd4 Rd2 59. Be5
Rg2 60. Kg5 Rg1 61. Kf6 Rh1 62. Kf7 Rb1 63. Nf6+ Kh6 64. Ne4 Rb7+ 65. Ke6 Rb6+
66. Bd6 Rb3 67. Nf6 Kg7 68. Ne8+ Kg8 69. h4 Re3+ 70. Be5 Kf8 71. Nf6 Rb3 72.
Nd7+ Kg8 73. Kf6 Rb7 74. Nc5 Rb6+ 75. Kg5 Kf7 76. Ne4 Re6 77. Kh6 Kg8 78. Nd6
Kf8 79. Kh7 Ke7 80. Kg7 Kd8 81. Kf8 Kc7 82. Ne4+ Kd8 83. Kf7 Ra6 84. Bf6+ Kd7
85. Nc5+ 1-0

[Event "39th Olympiad Khanty-Mansiysk 2010"]
[Site "Khanty-Mansiysk/Russia"]
[Date "2010.09.22"]
[Round "1"]
[White "Faulks, Nick"]
[Black "Goutali, Tarek"]
[Result "0-1"]
[WhiteElo "2109"]
[BlackElo "2261"]
[PlyCount "44"]
[EventDate "2010.??.??"]
[WhiteTeam "Bermuda"]
[BlackTeam "Algeria"]
[WhiteTeamCountry "BER"]
[BlackTeamCountry "ALG"]
[TimeControl "40/5400+30:1800+30"]

1. e4 d6 2. Bc4 Nf6 3. Nc3 e5 4. d3 c6 5. f4 exf4 6. Nf3 Be7 7. O-O O-O 8. Bxf4
Qb6+ 9. Kh1 Qxb2 10. Qd2 Qb6 11. Ng5 Qd8 12. Rf3 d5 13. exd5 cxd5 14. Bb3 Nc6
15. Raf1 Nd4 16. Be5 Nxf3 17. Rxf3 Bg4 18. Rg3 Bf5 19. Nh3 Bg6 20. Nf4 Bd6 21.
d4 Re8 22. Bxf6 Bxf4 0-1

[Event "39th Olympiad Khanty-Mansiysk 2010"]
[Site "Khanty-Mansiysk/Russia"]
[Date "2010.09.22"]
[Round "1"]
[White "Nguyen, Thu Giang"]
[Black "Pokorna, Regina"]
[Result "0-1"]
[WhiteElo "2108"]
[BlackElo "2370"]
[PlyCount "130"]
[EventDate "2010.??.??"]
[WhiteTeam "Australia"]
[BlackTeam "Slovakia"]
[WhiteTeamCountry "AUS"]
[BlackTeamCountry "SVK"]
[TimeControl "40/5400+30:1800+30"]

1. e4 e5 2. Bc4 Nf6 3. d3 Nc6 4. Nc3 Be7 5. f4 d6 6. Nf3 exf4 7. Bxf4 Na5 8.
Bb3 Nxb3 9. axb3 O-O 10. O-O h6 11. h3 c6 12. Qe2 Nh7 13. Qe3 a6 14. Rf2 Be6
15. Nd4 Qd7 16. Qg3 Kh8 17. Nce2 Rad8 18. Raf1 Bf6 19. Be3 Qe7 20. Nxe6 Qxe6
21. Bd4 Bxd4 22. Nxd4 Qe5 23. Qe3 d5 24. Rf5 Qe7 25. e5 c5 26. Ne2 d4 27. Qf2
Kg8 28. Qg3 g6 29. R5f2 Rde8 30. Qf4 Kg7 31. Qe4 Ng5 32. Qg4 Qxe5 33. h4 f5 34.
Qf4 Qxf4 35. Nxf4 Ne6 36. Nh3 h5 37. g3 Nc7 38. Nf4 Re3 39. Kg2 Rfe8 40. Kh3
R8e5 41. Kg2 Nd5 42. Nxd5 Rxd5 43. Ra1 Rd6 44. Ra5 b5 45. Ra1 Rde6 46. Raf1 Re2
47. Kf3 R6e3+ 48. Kg2 Kf6 49. Ra1 Re6 50. Kf3 Rxf2+ 51. Kxf2 g5 52. hxg5+ Kxg5
53. Kf3 Re3+ 54. Kf2 Kg4 55. Rxa6 Rf3+ 56. Ke2 Rxg3 57. Rg6+ Kf4 58. Rh6 Rg2+
59. Kd1 Rh2 60. Rh8 h4 61. Rh7 h3 62. b4 cxb4 63. b3 Kf3 64. Rh8 f4 65. Rf8 Rg2
0-1

[Event "39th Olympiad Khanty-Mansiysk 2010"]
[Site "Khanty-Mansiysk/Russia"]
[Date "2010.09.22"]
[Round "1"]
[White "Cu, Hor Winston"]
[Black "Hanoeman, Suradj"]
[Result "1-0"]
[WhiteElo "2106"]
[BlackElo "1992"]
[PlyCount "69"]
[EventDate "2010.??.??"]
[WhiteTeam "Guatemala"]
[BlackTeam "Surinam"]
[WhiteTeamCountry "GUA"]
[BlackTeamCountry "SUR"]
[TimeControl "40/5400+30:1800+30"]

1. d4 Nf6 2. Nf3 c5 3. d5 e6 4. c4 b5 5. b3 Bb7 6. e3 exd5 7. cxb5 Bd6 8. Nbd2
O-O 9. Be2 Re8 10. O-O Qe7 11. Bb2 a6 12. a4 Ne4 13. Nxe4 dxe4 14. Nd2 Bc7 15.
bxa6 Nxa6 16. Bb5 Qg5 17. Qe2 Re6 18. g3 d5 19. Rfc1 d4 20. Nf1 Nb4 21. exd4
Nd3 22. Ne3 Nxf2 23. Qxf2 Rf6 24. Rxc5 Rxf2 25. Rxg5 Rxb2 26. Bc4 Bb6 27. Rd1
Rd8 28. Rb5 Bxd4 29. Kf1 Rd6 30. Rxd4 Rxd4 31. Rxb7 h5 32. Bxf7+ Kh7 33. Rb5
Rxh2 34. Rd5 Rb4 35. Rd7 1-0

[Event "39th Olympiad Khanty-Mansiysk 2010"]
[Site "Khanty-Mansiysk/Russia"]
[Date "2010.09.22"]
[Round "1"]
[White "Gueroui, Nasreddine"]
[Black "Cooper, Gary"]
[Result "1-0"]
[WhiteElo "2106"]
[BlackElo "1886"]
[PlyCount "71"]
[EventDate "2010.??.??"]
[WhiteTeam "Algeria"]
[BlackTeam "Bermuda"]
[WhiteTeamCountry "ALG"]
[BlackTeamCountry "BER"]
[TimeControl "40/5400+30:1800+30"]

1. e4 c5 2. d4 cxd4 3. c3 dxc3 4. Nxc3 e6 5. Nf3 a6 6. Bc4 Bb4 7. O-O Qc7 8.
Qe2 b5 9. Bb3 Bxc3 10. bxc3 Bb7 11. Ba3 Nc6 12. Rfd1 Nge7 13. Bd6 Qd8 14. Rd3
O-O 15. Rad1 Re8 16. Ng5 Ng6 17. Qh5 h6 18. Nxf7 Kxf7 19. Rf3+ Kg8 20. Qxg6 Ne7
21. Qf7+ Kh8 22. Rg3 Rg8 23. Bxe7 Qe8 24. Qxe8 Raxe8 25. Rxd7 Bc8 26. Rc7 a5
27. a3 a4 28. Ba2 Rxe7 29. Rxe7 Rd8 30. h4 Rd1+ 31. Kh2 Ra1 32. Re8+ Kh7 33.
Bb1 Rxb1 34. Rxc8 Rb3 35. Rc7 Rxa3 36. Rcxg7+ 1-0

[Event "39th Olympiad Khanty-Mansiysk 2010"]
[Site "Khanty-Mansiysk/Russia"]
[Date "2010.09.22"]
[Round "1"]
[White "El Jawich, Amro"]
[Black "Gonzalez, Bernal"]
[Result "0-1"]
[WhiteElo "2105"]
[BlackElo "2423"]
[PlyCount "98"]
[EventDate "2010.??.??"]
[WhiteTeam "Lebanon"]
[BlackTeam "Costa Rica"]
[WhiteTeamCountry "LBN"]
[BlackTeamCountry "CRI"]
[TimeControl "40/5400+30:1800+30"]

1. e4 c5 2. Nc3 Nc6 3. Bb5 Nd4 4. Bc4 g6 5. Nge2 Bg7 6. Nxd4 cxd4 7. Qf3 Nh6 8.
Ne2 O-O 9. c3 dxc3 10. bxc3 d6 11. O-O Qc7 12. Bb3 Ng4 13. d4 Nf6 14. Ng3 Bd7
15. Bb2 Bb5 16. Rfc1 Bc4 17. Nf1 b5 18. Nd2 Rab8 19. Ba3 a5 20. Nxc4 bxc4 21.
Bc2 Nd7 22. Qe2 Qc6 23. f4 Rfe8 24. Rf1 e6 25. Qd1 Nb6 26. h4 f5 27. h5 fxe4
28. hxg6 hxg6 29. Qg4 Kf7 30. Rae1 d5 31. Re3 Bf6 32. Rg3 Rg8 33. Kf2 Rg7 34.
Rh1 Rbg8 35. Rh6 Nc8 36. Qd1 Be7 37. Bc1 Nd6 38. Rgh3 Nf5 39. Rh7 Rxh7 40.
Rxh7+ Rg7 41. Rh8 Qb7 42. Ba4 Qb1 43. Be8+ Kf6 44. g4 e3+ 45. Bxe3 Qxa2+ 46.
Bd2 Nd6 47. g5+ Kf5 48. Kg3 Ne4+ 49. Kh3 Nf2+ 0-1

[Event "39th Olympiad Khanty-Mansiysk 2010"]
[Site "Khanty-Mansiysk/Russia"]
[Date "2010.09.22"]
[Round "1"]
[White "Shiomi, Ryo"]
[Black "Mazara, Adan"]
[Result "0-1"]
[WhiteElo "2105"]
[BlackElo "2262"]
[PlyCount "88"]
[EventDate "2010.??.??"]
[WhiteTeam "Japan"]
[BlackTeam "Dominican Republic"]
[WhiteTeamCountry "JPN"]
[BlackTeamCountry "DOM"]
[TimeControl "40/5400+30:1800+30"]

1. e4 e6 2. d4 d5 3. e5 c5 4. c3 Nc6 5. Nf3 Nh6 6. Bxh6 gxh6 7. Bd3 Bg7 8. O-O
f6 9. exf6 Qxf6 10. dxc5 e5 11. Bb5 Qf7 12. c4 d4 13. Nbd2 O-O 14. Ne4 Bg4 15.
Bxc6 bxc6 16. Nxe5 Bxd1 17. Nxf7 Be2 18. Rfe1 d3 19. Nfd6 Bxb2 20. Rab1 Bd4 21.
h3 Rad8 22. g4 Rf4 23. Rxe2 dxe2 24. Re1 Rxd6 25. cxd6 Rxe4 26. d7 Bf6 27. f3
Re6 28. f4 Kf7 29. Kf2 Bd4+ 30. Kf3 Re3+ 31. Kf2 Re7+ 32. Kf3 Re3+ 33. Kf2 Ke7
34. Rxe2 Rxe2+ 35. Kxe2 Kxd7 36. Kd3 Bf2 37. Ke4 Ke6 38. f5+ Kf6 39. Kf3 Bh4
40. Kf4 h5 41. Ke4 hxg4 42. hxg4 Bf2 43. Kf4 h6 44. Ke4 Bc5 0-1

[Event "39th Olympiad Khanty-Mansiysk 2010"]
[Site "Khanty-Mansiysk/Russia"]
[Date "2010.09.22"]
[Round "1"]
[White "Zykina, Nadezhda"]
[Black "Awad, Omaima"]
[Result "1-0"]
[WhiteElo "2103"]
[BlackElo "1669"]
[PlyCount "69"]
[EventDate "2010.??.??"]
[WhiteTeam "IPC"]
[BlackTeam "Yemen"]
[BlackTeamCountry "YEM"]
[TimeControl "40/5400+30:1800+30"]

1. e4 e5 2. Nf3 Nc6 3. Bc4 Bc5 4. c3 Qe7 5. O-O d6 6. d4 Bb6 7. Ng5 Nh6 8. d5
Nd8 9. a4 a5 10. h3 f5 11. Qh5+ Ndf7 12. Bb5+ Kf8 13. Nxf7 Qxf7 14. Qh4 Qe7 15.
Bg5 Qf7 16. Bxh6 gxh6 17. Qxh6+ Qg7 18. Qxg7+ Kxg7 19. exf5 Bxf5 20. Nd2 Rhg8
21. Kh2 Raf8 22. Rae1 Bg6 23. f3 Bf7 24. Bc4 Bg6 25. Ne4 Bxe4 26. Rxe4 Kh8 27.
g3 Rg7 28. h4 h5 29. Be2 Kh7 30. f4 Rfg8 31. Rf3 exf4 32. Rexf4 Re7 33. Bd3+
Kh8 34. Rf5 Rh7 35. Rf6 1-0

[Event "39th Olympiad Khanty-Mansiysk 2010"]
[Site "Khanty-Mansiysk/Russia"]
[Date "2010.09.22"]
[Round "1"]
[White "Cua, Shercila"]
[Black "Voicu-Jagodzinsky, Carmen"]
[Result "0-1"]
[WhiteElo "2099"]
[BlackElo "2313"]
[PlyCount "122"]
[EventDate "2010.??.??"]
[WhiteTeam "Philippines"]
[BlackTeam "ROU"]
[WhiteTeamCountry "PHI"]
[TimeControl "40/5400+30:1800+30"]

1. d4 Nf6 2. Nf3 c5 3. c4 cxd4 4. Nxd4 b6 5. Nc3 Bb7 6. f3 e6 7. e4 d6 8. Be2
Be7 9. O-O O-O 10. Be3 a6 11. Qd2 Qc7 12. Rac1 Nbd7 13. Rfd1 Rac8 14. Bf1 Qb8
15. Qf2 Bd8 16. b3 Bc7 17. Qh4 Rfe8 18. Nc2 Qa8 19. Qf2 Qb8 20. Qh4 Kh8 21. Nb4
Ne5 22. Qf2 Nfd7 23. Kh1 Qa8 24. Nd3 Ng6 25. b4 Qb8 26. g3 Qa8 27. Bg2 Rf8 28.
c5 bxc5 29. bxc5 Ba5 30. Ne2 d5 31. exd5 Bxd5 32. Nef4 Bc6 33. Nxg6+ hxg6 34.
Bd4 Rfe8 35. Ne5 Nxe5 36. Bxe5 f6 37. Ba1 Rcd8 38. Qe3 e5 39. Rd6 g5 40. h3 Bc7
41. Rdd1 Rxd1+ 42. Rxd1 Rd8 43. Rxd8+ Qxd8 44. Bc3 Qd1+ 45. Kh2 Qd5 46. a3 Qa2
47. Bb4 Qc4 48. Qf2 f5 49. Qd2 f4 50. gxf4 e4 51. Qc3 Bxf4+ 52. Kg1 Qe2 53. Qe1
Be3+ 54. Kh2 Qxe1 55. Bxe1 exf3 56. Bh1 Bxc5 57. a4 Kh7 58. a5 Kg6 59. Bg3 Kf5
60. h4 g4 61. h5 Be3 0-1

[Event "39th Olympiad Khanty-Mansiysk 2010"]
[Site "Khanty-Mansiysk/Russia"]
[Date "2010.09.22"]
[Round "1"]
[White "Kalvyte, Vesta"]
[Black "Efroimski, Marsel"]
[Result "0-1"]
[WhiteElo "2097"]
[BlackElo "2244"]
[PlyCount "58"]
[EventDate "2010.??.??"]
[WhiteTeam "Lithuania"]
[BlackTeam "Israel"]
[WhiteTeamCountry "LTU"]
[BlackTeamCountry "ISR"]
[TimeControl "40/5400+30:1800+30"]

1. e4 c6 2. d4 d5 3. Nd2 dxe4 4. Nxe4 Nf6 5. Nxf6+ gxf6 6. Bc4 Bf5 7. Ne2 Nd7
8. Ng3 Bg6 9. h4 h5 10. Bb3 Qc7 11. Qe2 O-O-O 12. Bd2 e6 13. Ne4 Qb6 14. c3 e5
15. O-O exd4 16. Qf3 f5 17. Ng5 Ne5 18. Qg3 Bd6 19. cxd4 Ng4 20. Qc3 Bh2+ 21.
Kh1 Bb8 22. g3 Rhe8 23. Bxf7 Bxf7 24. Nxf7 Rd7 25. Ng5 Re2 26. Kg2 Qxd4 27.
Qxd4 Rxd4 28. Bc3 Rd3 29. Kh3 Rxg3+ 0-1

[Event "39th Olympiad Khanty-Mansiysk 2010"]
[Site "Khanty-Mansiysk/Russia"]
[Date "2010.09.22"]
[Round "1"]
[White "Press, Shaun"]
[Black "Astaneh Lopez, Alex"]
[Result "0-1"]
[WhiteElo "2093"]
[BlackElo "2393"]
[PlyCount "64"]
[EventDate "2010.??.??"]
[WhiteTeam "Papua New Guinea"]
[BlackTeam "Ireland"]
[WhiteTeamCountry "PNG"]
[BlackTeamCountry "IRL"]
[TimeControl "40/5400+30:1800+30"]

1. e4 c5 2. Nc3 e6 3. g3 Nc6 4. Bg2 a6 5. a4 Nge7 6. f4 d6 7. d3 g6 8. Be3 Bg7
9. Qd2 Nd4 10. Nd1 O-O 11. Rb1 Bd7 12. b3 b5 13. e5 dxe5 14. Bxd4 exd4 15. axb5
axb5 16. Nf3 Nd5 17. O-O Ra2 18. Re1 Bc6 19. Kh1 Nb4 20. Rb2 Rxb2 21. Nxb2 Qa8
22. Rf1 Re8 23. Rf2 Re7 24. h3 Ra7 25. Nd1 Ra2 26. Ne1 Bxg2+ 27. Rxg2 Nd5 28.
Kh2 h5 29. Re2 Bh6 30. Ng2 Nb4 31. Ne1 h4 32. gxh4 Qb8 0-1